 Dungeon Crawl Stone Soup version 0.25.0-26-g0c896c7088 (webtiles) character file.

Game seed: 12366199539956420684

592 protoss039 the Magician (level 7, -7/36 HPs)
             Began as a Deep Elf Ice Elementalist on July 2, 2020.
             Shot with an arrow by a centaur (11 damage)
             ... on level 5 of the Dungeon.
             The game lasted 00:16:00 (5014 turns).

protoss039 the Magician (Deep Elf Ice Elementalist) Turns: 5014, Time: 00:16:01

Health: -7/36      AC:  3    Str:  5    XL:     7   Next: 16%
Magic:  9/20       EV: 12    Int: 22    God:
Gold:   222        SH:  0    Dex: 15    Spells: 10/21 levels left

rFire    . . .     SeeInvis .   f - +0 dagger
rCold    . . .     Gourm    .   (no shield)
rNeg     . . .     Faith    .   i - +0 leather armour (curse)
rPois    .         Spirit   .   (no helmet)
rElec    .         Reflect  .   (no cloak)
rCorr    .         Harm     .   (no gloves)
MR       .....                  (no boots)
Stlth    ++........             (no amulet)
HPRegen  0.12/turn              j - ring of flight
MPRegen  0.17/turn              (no ring)

@: frozen ramparts
A: no striking features
a: Evoke Flight


You were on level 5 of the Dungeon.
You were not hungry.

You visited 1 branch of the dungeon, and saw 5 of its levels.

You collected 222 gold pieces.

Inventory:

Hand Weapons
 f - a +0 dagger (weapon)
Armour
 e - a +0 leather armour
 i - a cursed +0 leather armour (worn)
Jewellery
 j - a ring of flight (left hand)
 u - an uncursed amulet of faith
 v - an uncursed amulet of guardian spirit {unknown}
Wands
 m - a wand of clouds (5)
Scrolls
 a - 2 scrolls of fear {unknown}
 g - 2 scrolls of fog {unknown}
 k - a scroll of enchant armour {unknown}
 l - a scroll of blinking {unknown}
 n - a scroll of enchant weapon {unknown}
 p - a scroll of immolation {unknown}
 q - a scroll of teleportation {unknown}
 r - 2 scrolls of identify {unknown}
 s - a scroll of magic mapping {unknown}
 w - 2 scrolls of remove curse {unknown}
Potions
 b - a potion of stabbing {unknown}
 d - a potion of curing {unknown}
 h - a potion of brilliance {unknown}
 o - a potion of heal wounds {unknown}
 t - a potion of might {unknown}
Comestibles
 c - 13 rations
 x - 10 chunks of flesh


   Skills:
 - Level 2.4 Dodging
 - Level 2.4 Stealth
 * Level 7.5 Spellcasting
 + Level 0.4 Charms
 * Level 7.5 Ice Magic


You had 10 spell levels left.
You knew the following spells:

 Your Spells              Type           Power        Failure   Level  Hunger
a - Freeze                Ice            ####         1%          1    None
b - Frozen Ramparts       Ice            #####.       1%          3    None
c - Ozocubu's Armour      Chrm/Ice       ####....     8%          3    None
d - Hailstorm             Conj/Ice       ###.....     26%         4    ###....

Your spell library contained the following spells:

 Spells                   Type           Power        Failure   Level  Hunger
 Animate Skeleton         Necr           N/A          13%         1    None
 Apportation              Tloc           #.....       13%         1    None
 Corona                   Hex            #......      13%         1    None
 Summon Small Mammal      Summ           #...         13%         1    None
 Summon Ice Beast         Ice/Summ       ###.....     26%         4    ###....


Dungeon Overview and Level Annotations

Branches:
Dungeon (5/15)
 Temple: D:4-7

Altars:
Dithmenos


Message History

The shadow imp resists.
The wall freezes the shadow imp.
The shadow imp gestures at you.
You struggle to resist.
Unknown command.
Unknown command.
Okay, then.
Unknown command.
Casting: Frozen Ramparts (safe; 1% risk of failure)
Confirm with . or Enter, or press ? or * to list all spells.
Aiming: Freeze (safe; 1% risk of failure)
Press: ? - help, Shift-Dir - straight line, f/p - shadow imp
Aim: a shadow imp (almost dead)
The shadow imp completely resists.
You freeze the shadow imp but do no damage.
The wall freezes the centaur!
The centaur shoots an arrow.
The arrow closely misses you.
The shadow imp resists.
The wall freezes the shadow imp.
The shadow imp hits you.
* * * LOW HITPOINT WARNING * * *
The wall freezes the centaur.
The centaur shoots an arrow.
The arrow hits you!
You die...

##..# ##.# #.# ..#####c..# .#.#
#.# .....#.#.#### ..### #..
#.####...#).).## ....# ###
#......5...##..### #.#.# #
#####.(.#.###...# #.#.# #
######.#.#....##.###.#.## #
..#......#(####5##........######
........†#...##@######.#...##...
..........##c..(# #.##..##)##
..........####..# #.##.....#
..........# #..# #.####..###
..........# #....# #.###......
..........# ##....# #.##..#.##[
........... .##..# #.........)
.........### . .(# .#..##.... ##
..... .......##


You could see a centaur and a shadow imp.

Vanquished Creatures
  2 ogres
  A howler monkey (D:4)
  An orc priest (D:4)
  A hound (D:4)
  3 orc wizards
  Jessica (D:2)
  7 adders
  An ooze (D:3)
  An adder skeleton (D:4)
  A worm (D:4)
  4 dart slugs
  10 leopard geckos
  16 orcs
  9 giant cockroaches
  9 goblins
  7 hobgoblins
  8 jackals
  A quokka (D:4)
  12 bats
  6 frilled lizards
  9 kobolds
  7 rats
117 creatures vanquished.

Notes
Turn   | Place    | Note
-------+----------+-------------------------------------------
     0 | D:1      | protoss039 the Deep Elf Ice Elementalist began the quest
                  | for the Orb.
     0 | D:1      | Reached XP level 1. HP: 10/10 MP: 6/6
   120 | D:1      | Reached XP level 2. HP: 8/15 MP: 0/8
   433 | D:1      | Reached skill level 5 in Ice Magic
   898 | D:1      | Reached XP level 3. HP: 14/19 MP: 7/10
  1543 | D:2      | Learned a level 3 spell: Frozen Ramparts
  1707 | D:2      | Noticed Jessica
  1730 | D:2      | Killed Jessica
  1730 | D:2      | Reached XP level 4. HP: 16/24 MP: 6/12
  2524 | D:2      | Learned a level 3 spell: Ozocubu's Armour
  2593 | D:3      | Reached skill level 5 in Spellcasting
  2593 | D:3      | Reached XP level 5. HP: 22/28 MP: 9/14
  2962 | D:3      | Found a shadowy altar of Dithmenos.
  3777 | D:3      | Learned a level 4 spell: Hailstorm
  3780 | D:4      | Reached XP level 6. HP: 30/32 MP: 10/17
  4787 | D:5      | Entered Level 5 of the Dungeon
  4814 | D:5      | Reached XP level 7. HP: 29/36 MP: 14/19
  5014 | D:5      | Shot with an arrow by a centaur

Illustrated notes

Levels and vault maps discovered:
D:1:      psy_arrival_spokes, layout_basic
D:2:      layout_loops_corners, uniq_jessica
D:3:      layout_rooms, lemuel_tele_altar
D:4:      layout_basic
D:5:      layout_rooms, first_ration

Skill      XL: |  1  2  3  4  5  6 |
---------------+-------------------+-----
Ice Magic      | 5 6 7 |  7.5
Spellcasting   | 4 5 6 7 |  7.5
Dodging        | |  2.4
Stealth        | |  2.4
Charms         | |  0.4

Action                   |  1- 3 |  4- 6 |  7- 9 || total
-------------------------+-------+-------+-------++-------
Melee: Unarmed           |     3 |       |       ||     3
       Dagger            |     9 |    18 |       ||    27
 Cast: Freeze            |    53 |    63 |     7 ||   123
       Frozen Ramparts   |       |    21 |     6 ||    27
       Ozocubu's Armour  |       |     1 |       ||     1
 Stab: Sleeping          |     2 |     2 |       ||     4
  Eat: Chunk             |     2 |     9 |     2 ||    13
Armor: Robe              |     2 |       |       ||     2
       Leather armour    |    17 |    13 |     1 ||    31
Dodge: Dodged            |    40 |    40 |     7 ||    87
